 Dungeon Crawl Stone Soup version 0.32-a0-418-g34023cf50c (webtiles) character file.

Game seed: 13104189134993133248

1778 TotallyNotGC the Poker (level 8, -2/111 HPs)
             Began as a Minotaur Berserker on Feb 19, 2024.
             Was an Elder of Trog.
             Killed from afar by a white imp (5 damage)
             ... with a puff of frost
             ... on level 7 of the Dungeon on Feb 21, 2024.
             The game lasted 00:27:17 (5790 turns).

TotallyNotGC the Poker (Minotaur Berserker)         Turns: 5790, Time: 00:27:18

Health: -2/111     AC: 17    Str: 22    XL:     8   Next: 81%
Magic:  7/7        EV: 11    Int:  3    God:    Trog [****..]
Gold:   565        SH:  0    Dex: 15    Spells: 7/7 levels left

rFire   + . .        B - +4 halberd (protect)
rCold   . . .        (shield currently unavailable)
rNeg    . . .        h - +0 chain mail
rPois   .            (helmet restricted)
rElec   .            (no cloak)
rCorr   .            (no gloves)
SInv    .            (no boots)
Will    ++...        (no amulet) Stlth
                     f - ring of protection from fire
HPRegen 1.38/turn    (no ring)
MPRegen 0.10/turn

%: no passive effects
@: berserking (expiring), lethally poisoned (-2 -> -5), strong-willed
(expiring), under a protective aura, regenerating (expiring), very quick
A: horns 2, retaliatory headbutt, agile 1, MP-powered wands
a: Renounce Religion, Berserk, Trog's Hand, Brothers in Arms


You were on level 7 of the Dungeon.
You worshipped Trog.
Trog was greatly pleased with you.
You visited 1 branch of the dungeon, and saw 7 of its levels.
You also visited: Ossuary.

You collected 565 gold pieces.

Inventory:

Hand Weapons
 B - a +4 halberd of protection (weapon)
Missiles
 A - a throwing net (quivered)
Armour
 h - a +0 chain mail (worn)
Jewellery
 c - a ring of magical power
 f - a ring of protection from fire (left hand)
 o - a ring of magical power
 q - the amulet "Qat Muol" {Reflect Harm rN++ SH+5 SInv}
   (You found it on level 5 of the Dungeon)

   [amulet of reflection]

   Reflect:   It reflects blocked missile attacks.
   rN++:      It greatly protects you from negative energy.
   SInv:      It lets you see invisible.
   SH+5:      It affects your SH (+5).
   Harm:      It increases damage dealt and taken.
Wands
 n - a wand of flame (14)
 x - a wand of polymorph (12)
 z - a wand of charming (5)
Scrolls
 b - 4 scrolls of teleportation
 d - a scroll of revelation
 e - 3 scrolls of fog
 g - a scroll of poison
 j - a scroll of silence
 k - a scroll of brand weapon
 l - a scroll of blinking
 y - 2 scrolls of identify
Potions
 i - 3 potions of heal wounds
 m - 14 potions of curing
 p - a potion of invisibility {unknown}
 r - 2 potions of lignification
 s - 2 potions of haste {unknown}
 t - a potion of brilliance {unknown}
 u - 2 potions of might {unknown}
 v - a potion of mutation
 w - a potion of ambrosia {unknown}


   Skills:
 * Level 7.7 Fighting
 * Level 7.8 Polearms
 * Level 7.2 Armour
 * Level 6.5 Dodging


You had 7 spell levels left.
You didn't know any spells.
Your spell library was empty.

Dungeon Overview and Level Annotations

Branches:
Dungeon (7/15)             Temple (0/1) D:7         Ossuary (visited)

Altars:
Xom


Innate Abilities, Weirdness & Mutations

You have a pair of horns on your head.
You reflexively headbutt those who attack you in melee.
You are agile. (Dex +4, Str/Int -1)
You expend magic power (3 MP) to strengthen your wands.


Message History

The killer bee stings you but does no damage.
You miss the killer bee.
The killer bee is heavily wounded.
You feel sick.
The killer bee stings you but does no damage.
The killer bee completely misses you.
The wyvern bites you but does no damage.
The killer bee barely misses you.
The killer bee stings you but does no damage.
You puncture the killer bee!
Your weapon exudes an aura of protection.
The killer bee is almost dead.
You feel the effects of Trog's Hand fading.
You feel sick. The wyvern bites you.
* * * LOW HITPOINT WARNING * * *
The killer bee closely misses you. You furiously retaliate!
You headbutt the killer bee!
You kill the killer bee!
Trog accepts your kill. The killer bee barely misses you.
You closely miss the wyvern. You headbutt the wyvern!
The wyvern is heavily wounded.
You feel sick. The killer bee barely misses you. The wyvern closely misses you.
You completely miss the wyvern.
The wyvern is heavily wounded.
You feel sick. The killer bee stings you!
* * * LOW HITPOINT WARNING * * *
You are lethally poisoned!
The killer bee poisons you! The wyvern barely misses you.
The killer bee closely misses you.
You closely miss the killer bee. Your headbutt misses the killer bee.
The killer bee is severely wounded.
* * * LOW HITPOINT WARNING * * *
You feel sick. The wyvern barely misses you. The killer bee barely misses you.
You furiously retaliate!
You headbutt the killer bee.
You kill the killer bee!
Trog accepts your kill. The white imp gestures at you.
The puff of frost hits you.
You die...

#...######.# ... #.##
#.## #.. ... #..##..
.. ##.#.. #.#.#
..########.#.#####.
................... .
..########...#####...
##@†....# ..#
#k†####^....#
#5######..#.#
##.###§y.y...#
##.####†)##).##y.###
........#.))## ...
.........)### #
.......#### .......


You could see a wyvern and a white imp.

Vanquished Creatures
  An ice beast (D:5)
  2 centaurs
  A bullfrog (D:7)
  3 scorpions
  5 wights (D:7)
  5 killer bees (D:7)
  A jelly (D:5)
  3 bombardier beetles
  3 hounds
  2 iguanas
  An orc wizard (D:5)
  8 mummies (Ossuary)
  Robin (D:3)
  12 gnolls
  2 adders
  A white imp (D:6)
  4 ufetubi
  3 dart slugs
  10 orcs
  3 bats
  5 endoplasms
  7 giant cockroaches
  9 goblins
  10 hobgoblins
  6 jackals
  6 kobolds
  4 quokkas
  8 ball pythons
  8 frilled lizards (D:2)
  A gnoll zombie (Ossuary)
  A hobgoblin zombie (Ossuary)
  3 kobold zombies (Ossuary)
  3 orc zombies (Ossuary)
  25 rats
167 creatures vanquished.

Vanquished Creatures (others)
  2 hounds (D:5)
  An adder (D:5)
  An orc (D:5)
4 creatures vanquished.

Grand Total: 171 creatures vanquished

Notes
Turn   | Place    | Note
-------+----------+-------------------------------------------
     0 | D:1      | TotallyNotGC the Minotaur Berserker began the quest for the
                  | Orb.
     0 | D:1      | Reached XP level 1. HP: 19/19 MP: 0/0
   145 | D:1      | Reached XP level 2. HP: 27/27 MP: 1/1
   154 | D:1      | Gained mutation: You expend magic power (3 MP) to
                  | strengthen your wands. [potion of mutation]
   154 | D:1      | Gained mutation: You are agile. (Dex +4, Str/Int -1)
                  | [potion of mutation]
   556 | D:1      | Reached XP level 3. HP: 33/33 MP: 2/2
   683 | D:2      | Reached ** piety under Trog
   724 | D:2      | Reached XP level 4. HP: 26/41 MP: 3/3
  1539 | D:3      | Reached XP level 5. HP: 46/47 MP: 4/4
  1713 | D:3      | Noticed Robin
  1719 | D:3      | Killed Robin
  1721 | D:3      | Reached skill level 5 in Polearms
  1726 | D:3      | Reached *** piety under Trog
  2116 | D:3      | Found a faded altar of an unknown god.
  2501 | D:4      | Reached skill level 5 in Fighting
  2612 | D:4      | Found a sand-covered staircase.
  2621 | Ossuary  | Entered an ossuary
  2654 | Ossuary  | Reached XP level 6. HP: 25/56 MP: 5/5
  3370 | D:4      | Reached skill level 5 in Armour
  3370 | D:4      | Reached XP level 7. HP: 54/62 MP: 6/6
  3807 | D:5      | Entered Level 5 of the Dungeon
  3865 | D:5      | Found a shimmering altar of Xom.
  3919 | D:5      | Reached **** piety under Trog
  3920 | D:5      | Reached skill level 5 in Dodging
  4156 | D:5      | Upgraded the game from 0.32-a0-377-g951292165a to
                  | 0.32-a0-418-g34023cf50c
  4171 | D:5      | Identified the amulet "Qat Muol" {Reflect Harm rN++ SH+5
                  | SInv}
  4473 | D:5      | Reached XP level 8. HP: 67/71 MP: 7/7
  5599 | D:7      | Found a staircase to the Ecumenical Temple.
  5789 | D:7      | HP: 4/111 [killer bee (7)]
  5790 | D:7      | Killed from afar by a white imp

Illustrated notes

Levels and vault maps discovered:
D:1:      dpeg_arrival_rooms_with_view, layout_basic, chequers_decorated_corner
D:2:      layout_basic, minmay_lizard_king
D:3:      minmay_door_path, layout_basic, shapermc_ecumenical_altar_gd,
          uniq_robin
D:4:      layout_loops_ring, mainiacjoe_ossuary_entry_dusty_tomb,
          hangedman_decor_push, grunt_decor_clamped, serial_bayou_pond_a,
          minmay_misc_feat_chi, minmay_rat_hole
D:5:      layout_basic, xom_confusion_cloud, dk_noncrumbling_3
D:6:      layout_basic, serial_corexii_hall, chequers_hall_statues_wall_a,
          corexii_hall_statues_i, corexii_hall_statues_deadend
D:7:      layout_rooms, minmay_temple_entry_large_hall, minmay_misc_feat_tower,
          uniq_maurice

Skill      XL: |  1  2  3  4  5  6  7  8 |
---------------+-------------------------+-----
Polearms       | 4 5 6 7 |  7.8
Fighting       | 4 5 6 7 |  7.7
Armour         | 3 4 5 7 |  7.2
Dodging        | 3 4 5 6 |  6.5

Action                     |  1- 3 |  4- 6 |  7- 9 || total
---------------------------+-------+-------+-------++-------
  Melee: Spear             |    56 |   208 |   151 ||   415
         Headbutt          |    10 |    24 |    20 ||    54
         Halberd           |       |       |    14 ||    14
 Invoke: Berserk           |       |     4 |     3 ||     7
         Trog's Hand       |       |     1 |     2 ||     3
    Use: Scroll            |     6 |     8 |     4 ||    18
         Potion            |     1 |       |       ||     1
   Stab: Sleeping          |     1 |       |       ||     1
         Distracted        |       |     3 |       ||     3
 Armour: Animal skin       |     1 |       |       ||     1
         Chain mail        |    17 |    60 |   110 ||   187
  Dodge: Dodged            |    13 |    45 |    79 ||   137
  Block: Other             |       |       |     1 ||     1

Table legend: (Time is in decaauts)
 A = Elapsed time spent in this place.
 B = Non-inter-level travel time spent in this place.
 C = Inter-level travel time spent in this place.
 D = Time resting spent in this place.
 E = Time spent auto-exploring this place.
 F = Levels seen in this place.
 G = Mean time per level.
                   A        B        C        D        E       F      G
               +--------+--------+--------+--------+--------+-----+--------+
         Total |   5770 |   5606 |    164 |    711 |   3944 |   8 |  721.2 |
       Dungeon |   5427 |   5263 |    164 |    618 |   3791 |   7 |  775.3 |
       Ossuary |    342 |    342 |      0 |     93 |    153 |   1 |  342.0 |
               +--------+--------+--------+--------+--------+-----+--------+

Top non-repeatable levels by time:
     D:3: 1073 daAuts
     D:4: 1011 daAuts
     D:6: 926 daAuts
     D:5: 838 daAuts
     D:2: 726 daAuts
     D:1: 651 daAuts
 Ossuary: 342 daAuts
     D:7: 201 daAuts
